 Dungeon Crawl Stone Soup version 0.30.1-4-g462c640d31 (webtiles) character file.

Game seed: 852665942283705331

3479 Amplified the Trooper (level 9, -1/71 (73) HPs)
             Began as a Demonspawn Delver on Sept 12, 2023.
             Was an Initiate of Uskayaw.
             Slain by a steam dragon (3 damage)
             ... on level 8 of the Dungeon.
             The game lasted 00:17:52 (8859 turns).

Amplified the Trooper (Demonspawn Delver)           Turns: 8859, Time: 00:17:52

HP:   -1/71 (73)    AC:  6    Str: 17    XL:     9   Next: 79%
MP:   9/18          EV: 11    Int: 12    God:    Uskayaw [......]
Gold: 494           SH:  0    Dex: 12    Spells: 18/20 levels left

rFire   . .          .
                       - Unarmed
rCold   . . .        (no shield)
rNeg    . . .        m - +0 ring mail
rPois   .            (helmet restricted)
rElec   .            (no cloak)
rCorr   .            (no gloves)
SInv    .            t - +0 pair of boots
Will    .....        (no amulet)
Stlth   ++           (no ring)
HPRegen 0.31/turn    (no ring)
MPRegen 0.16/turn

%: random rage (3%)
@: lightly drained
A: hooves 2, horns 2, demonic touch 1, berserk 1, clumsy 1
a: Renounce Religion


You were on level 8 of the Dungeon.
You worshipped Uskayaw.
Uskayaw was noncommittal.
You visited 1 branch of the dungeon, and saw 8 of its levels.

You collected 494 gold pieces.

Inventory:

Hand Weapons
 a - a +1 falchion
 f - a +0 flail
 n - a +2 dagger of speed
Missiles
 e - a curare-tipped dart
 j - 26 poisoned darts (quivered)
Armour
 k - a +0 buckler
 m - a +0 ring mail (worn)
 p - a +0 chain mail of fire resistance
 t - a +0 pair of boots (worn)
 x - a +0 tower shield
Jewellery
 q - a ring of ice
Wands
 g - a wand of digging (1)
 s - a wand of flame (8)
 u - a wand of polymorph (9)
Scrolls
 b - 3 scrolls of identify
 c - a scroll of fog
 h - 2 scrolls of enchant weapon
 i - 2 scrolls of poison
 l - 3 scrolls of teleportation
 v - 3 scrolls of noise
Potions
 o - a potion of cancellation
 r - a potion of flight


   Skills:
 * Level 7.6 Fighting
 - Level 1.8 Long Blades
 - Level 1.8 Dodging
 - Level 4.5 Stealth
 - Level 5.0 Shields
 * Level 5.9 Unarmed Combat
 * Level 6.0 Spellcasting
 * Level 6.3 Invocations


You had 18 spell levels left.
You knew the following spells:

 Your Spells              Type           Power      Damage    Failure   Level
a - Lesser Beckoning      Tloc           6%         N/A       45%         2

Your spell library contained the following spells:

 Spells                   Type           Power      Damage    Failure   Level
 Foxfire                  Conj/Fire      12%        2x1d4     32%         1
 Kiss of Death            Conj/Necr      12%        2d6       32%         1
 Blink                    Tloc           6%         N/A       45%         2
 Momentum Strike          Conj/Tloc      6%         3d8       45%         2
 Sublimation of Blood     Necr           3%         N/A       45%         2
 Confusing Touch          Hex            3%         N/A       69%         3
 Dazzling Flash           Conj/Hex       6%         N/A       69%         3
 Volatile Blastmotes      Fire/Tloc      6%         2d10      69%         3
 Dispel Undead            Necr           3%         3d7       97%         4
 Iskenderun's Mystic Bla  Conj/Tloc      3%         2d3       97%         4
 Agony                    Necr           3%         N/A       100%        5
 Fireball                 Conj/Fire      1%         3d3       100%        5
 Silence                  Hex/Air        1%         N/A       100%        5
 Plasma Beam              Fire/Air       1%         2x1d12    100%        6
 Starburst                Conj/Fire      1%         6d3       100%        6


Dungeon Overview and Level Annotations

Branches:
Dungeon (8/15)             Temple (0/1) D:7
   Lair: D:8-11

Altars:
Ashenzari
Kikubaaqudgha
Ru
Trog
Uskayaw
Xom

Annotations:
D:3 Crazy Yiuf


Innate Abilities, Weirdness & Mutations

You have hoof-like feet.
You have a pair of horns on your head.
Your touch may inflict minor irresistible damage on your foes.
You sometimes lose your temper in combat.
You are clumsy. (Dex -2)


Message History

Okay, then.
You punch the wight!
The wight is heavily damaged.
The wight barely misses you.
Unknown command.
You hit the wight. You headbutt the wight.
You destroy the wight!
You can now pass through a line of other dancers.
Unknown command.
You stomp with the beat, sending a shockwave through the revellers around you!
The wight is heavily damaged.
You can no longer pass through a line of other dancers.
The wight hits you with a +0 halberd!
* * * LOW HITPOINT WARNING * * *
You feel drained.
* * * LOW HITPOINT WARNING * * *
You can now pass through a line of other dancers.
Unknown command.
You closely miss the wight. Your headbutt misses the wight.
The wight is heavily damaged.
The wight misses you.
Unknown command.
You barely miss the wight.
The wight is heavily damaged.
The wight hits you with a +0 halberd!
* * * LOW HITPOINT WARNING * * *
You feel drained.
* * * LOW HITPOINT WARNING * * *
Unknown command.
Okay, then.
Okay, then.
You stomp with the beat, sending a shockwave through the revellers around you!
You destroy the wight!
You can no longer pass through a line of other dancers.
Unknown command.
You stomp with the beat, sending a shockwave through the revellers around you!
The steam dragon is moderately wounded.
You can no longer stomp with the beat.
The steam dragon bites you.
You die...

......##...#.....#..**
.....##.....z._....**
..##.......#z....#**
,..........#§...§#
*..........###.##*
,.........D.....##
,....##..#######.##
,,,#.....# ##D#
***##...## #@#.# ####*
#.###.# #.# #.# #.#
#.# #.# ## #.# #.# ##


You could see a steam dragon.

Vanquished Creatures
  A hornet (D:7)
  A water moccasin (D:7)
  3 orc warriors
  A black bear (D:6)
  An ice beast (D:5)
  3 centaurs
  A phantom (D:4)
  2 kobold brigands (D:6)
  4 bullfrogs
  4 scorpions
  12 wights
  5 howler monkeys (D:7)
  2 orc priests
  4 hounds
  4 jellies
  A gnoll bouda (D:6)
  Jessica (D:3)
  6 iguanas
  9 orc wizards
  3 adders
  5 gnolls (D:6)
  2 shadow imps (D:6)
  3 white imps
  A worm (D:4)
  25 orcs
  8 endoplasms
  4 giant cockroaches
  3 goblins (D:1)
  3 hobgoblins
  6 jackals
  3 quokkas
  8 ball pythons
  A bat (D:1)
  5 frilled lizards
  18 kobolds
  4 rats
167 creatures vanquished.

Vanquished Creatures (others)
  A wizard (D:7)
  An orc wizard (D:7)
  An orc (D:3)
  A kobold (D:8)
4 creatures vanquished.

Grand Total: 171 creatures vanquished

Notes
Turn   | Place    | Note
-------+----------+-------------------------------------------
     0 | D:5      | Amplified the Demonspawn Delver began the quest for the
                  | Orb.
     0 | D:5      | Reached XP level 1. HP: 18/18 MP: 1/1
    36 | D:5      | Noticed an iguana
   586 | D:2      | Found a shimmering altar of Xom.
   965 | D:1      | Discovered your monstrous ancestry.
   965 | D:1      | Gained mutation: You have a pair of small horns on your
                  | head. [demonic ancestry]
   965 | D:1      | Reached XP level 2. HP: 23/24 MP: 2/2
  1068 | D:1      | Reached skill level 1 in Shields
  1264 | D:1      | Gained mutation: Your touch may inflict minor irresistible
                  | damage on your foes. [demonic ancestry]
  1264 | D:1      | Reached XP level 3. HP: 25/29 MP: 3/3
  2045 | D:3      | Reached skill level 1 in Spellcasting
  2045 | D:3      | Gained mutation: You have large cloven feet. [demonic
                  | ancestry]
  2045 | D:3      | Reached XP level 4. HP: 22/37 MP: 3/5
  2153 | D:3      | Found a faded altar of an unknown god.
  2159 | D:3      | Prayed at the altar of an unknown god.
  2159 | D:3      | Became a worshipper of Uskayaw the Reveller
  2159 | D:3      | Reached * piety under Uskayaw
  2244 | D:3      | Reached skill level 4 in Fighting
  2244 | D:3      | Reached ** piety under Uskayaw
  2250 | D:3      | Found a sacrificial altar of Ru.
  2367 | D:3      | Noticed Jessica
  2386 | D:3      | Killed Jessica
  2396 | D:3      | Got Jessica's Precepts of Blasphemous Liturgies
  2646 | D:3      | Found a runed translucent door.
  2647 | D:3      | Noticed Crazy Yiuf
  2949 | D:4      | Reached skill level 1 in Unarmed Combat
  2949 | D:4      | Reached XP level 5. HP: 16/42 MP: 0/7
  3294 | D:4      | Learned a level 2 spell: Lesser Beckoning
  3607 | D:5      | Noticed an orc warrior
  3649 | D:5      | Noticed an ice beast
  3667 | D:5      | Killed an ice beast
  3667 | D:5      | Reached *** piety under Uskayaw
  3668 | D:5      | Gained mutation: You have hoof-like feet. [demonic
                  | ancestry]
  3668 | D:5      | Reached XP level 6. HP: 49/49 MP: 9/9
  4047 | D:5      | Reached skill level 5 in Fighting
  4047 | D:5      | Reached XP level 7. HP: 34/56 MP: 11/11
  4637 | D:7      | Found a staircase to the Ecumenical Temple.
  4649 | D:7      | Noticed a hornet
  4713 | D:6      | Gained mutation: You have a pair of horns on your head.
                  | [demonic ancestry]
  4713 | D:6      | Reached XP level 8. HP: 10/64 MP: 13/13
  5012 | D:7      | Reached **** piety under Uskayaw
  5014 | D:7      | Reached skill level 1 in Invocations
  5023 | D:7      | Gained mutation: You occasionally shout uncontrollably at
                  | your foes. [potion of mutation]
  5023 | D:7      | Gained mutation: You are frail. (-10% HP) [potion of
                  | mutation]
  5170 | D:7      | Reached skill level 6 in Fighting
  5514 | D:7      | Found a bloodstained altar of Trog.
  5516 | D:7      | Noticed a wizard
  5520 | D:7      | Killed a wizard
  5574 | D:7      | Lost mutation: You are frail. (-10% HP) [potion of
                  | mutation]
  5574 | D:7      | Lost mutation: You occasionally shout uncontrollably at
                  | your foes. [potion of mutation]
  5574 | D:7      | Gained mutation: You sometimes lose your temper in combat.
                  | [potion of mutation]
  5574 | D:7      | Gained mutation: You are clumsy. (Dex -2) [potion of
                  | mutation]
  5812 | D:7      | Reached skill level 5 in Shields
  6081 | D:6      | Reached XP level 9. HP: 19/68 MP: 12/16
  6248 | D:6      | Reached skill level 5 in Spellcasting
  6625 | D:6      | Reached skill level 5 in Unarmed Combat
  6638 | D:6      | Found a broken altar of Ashenzari.
  6705 | D:6      | Reached skill level 7 in Fighting
  6776 | D:6      | Reached skill level 5 in Invocations
  8808 | D:8      | Noticed a komodo dragon
  8815 | D:8      | Found an ancient bone altar of Kikubaaqudgha.
  8857 | D:8      | HP: 1/69 [wight/+0 halberd (3)]
  8859 | D:8      | Slain by a steam dragon

Illustrated notes

Levels and vault maps discovered:
D:1:      dpeg_arrival_shelter, layout_rooms
D:2:      layout_basic, basic_altar, chequers_serial_rivers_small_a,
          minmay_pentomino_x4
D:3:      layout_basic, mainiacjoe_overflow_surrounded_room,
          dreamdust_ecumenical_altar_angels_and_demons,
          kennysheep_jessica_study, uniq_crazy_yiuf_cottage
D:4:      layout_layer_cave, mainiacjoe_overflow_chevrons
D:5:      layout_loops_cross, kennysheep_generic_room_11
D:6:      layout_cave_pools, mainiacjoe_overflow_cross_hatched,
          minmay_crossroads
D:7:      cheibrodos_quashed, layout_rooms, trog_wizard,
          minmay_temple_entry_purple_smoke
D:8:      layout_cave_pools, nicolae_kikubaaqudgha_miasma_corner,
          serial_column_ruins, column_ruins_open_large, column_ruins_grid_3,
          column_ruins_columns_corner, column_ruins_open_medium,
          column_ruins_corridor_dead_end

Skill      XL: |  1  2  3  4  5  6  7  8  9 |
---------------+----------------------------+-----
Shields        | 1 2 3 4 5 |  5.0
Spellcasting   | 1 2 3 4 6 |  6.0
Fighting       | 4 5 6 7 |  7.6
Unarmed Combat | 1 2 3 4 5 |  5.9
Invocations    | 3 6 |  6.3
Long Blades    | |  1.8
Dodging        | |  1.8
Stealth        | |  4.5

Action                     |  1- 3 |  4- 6 |  7- 9 || total
---------------------------+-------+-------+-------++-------
  Melee: Falchion          |   125 |       |       ||   125
         Headbutt          |    18 |    30 |    62 ||   110
         Dagger            |     2 |    16 |       ||    18
         Unarmed           |       |   146 |   285 ||   431
         Kick              |       |     9 |       ||     9
         Touch             |       |     8 |    49 ||    57
         Punch             |       |       |     4 ||     4
  Throw: Dart              |       |     5 |     9 ||    14
 Invoke: Stomp             |       |     4 |    16 ||    20
  Evoke: Wand              |       |       |     6 ||     6
    Use: Scroll            |     7 |     3 |    13 ||    23
         Potion            |     3 |     5 |    11 ||    19
   Stab: Sleeping          |     6 |     3 |     2 ||    11
         Invisible         |     1 |       |       ||     1
         Paralysed         |       |     1 |    10 ||    11
 Armour: Ring mail         |    46 |    37 |   106 ||   189
         Leather armour    |     3 |       |       ||     3
         Skin              |       |     6 |       ||     6
  Dodge: Dodged            |    79 |    66 |   171 ||   316
  Block: Buckler           |    24 |    28 |       ||    52
